AoeStats
← psycstiks212

Nomad

510175585Analyzed
3v3 RM · 4d ago on Sep 29, 2026· 24m 0s· 6 players
Game mode
Random Map
Map size
210×210
Population
200
Speed
Normal
Resources
Standard
Victory
Conquest
Starting age
Dark Age
Ending age
Imperial Age
RankedLock teamsTeams togetherTeam positionsShared explorationLock speedFull tech treeHidden civsTurbo modeCheats
Victory
Defeat
🇨🇿 Japanese · Czechia
846
+13
🇺🇸 Mongols · United States
789
+16
🇩🇪 Franks · Germany
730
+18
🇨🇱 Malay · Chile
1127
-27
🇨🇱 Sicilians · Chile
759
-15
🇲🇽 Muisca · Mexico
469
-5
mertndolan7564
7:59 Loom
15:49 Feudal Age
15:52 Horse Collar
18:10 Town Watch
21:38 Castle Age
20:58 Double-Bit Axe
22:29 Fletching
MartyIgnacio
6:02 Loom
Stephani Gotica
10:04 Loom
10:08 Loom
12:36 Feudal Age
14:52 Champi Runner
15:52 Double-Bit Axe
17:06 Horse Collar
18:41 Wheelbarrow
psycstiks212
3:55 Loom
14:23 Feudal Age
21:05 Town Watch
22:51 Wheelbarrow
KeepItSimple
4:18 Loom
23:35 Feudal Age
24:56 Wheelbarrow
24:10 Double-Bit Axe
Ctibor
3:55 Loom
16:03 Feudal Age
16:30 Double-Bit Axe
20:48 Fishing Lines
22:41 Man-at-Arms
23:28 Horse Collar
24:15 Scale Mail Armor
Connection lost

Rejoining the realm…

Still unreachable

The connection could not be restored.

Session expired

The server has moved on; the page needs a fresh start.